[Event "23rd ETCC Women 2021"]
[Site "Catez"]
[Date "2021.11.20"]
[Round "8.22"]
[White "Mkrtchian, Lilit"]
[Black "Baginskaite, Kamile"]
[Result "1/2-1/2"]
[ECO "A29"]
[WhiteElo "2379"]
[BlackElo "2100"]
[Annotator "NA"]
[PlyCount "102"]
[EventDate "2021.11.08"]
[EventType "team-tourn"]
[EventCountry "SLO"]
[SourceTitle "playchess.com"]
[Source "ChessBase"]
[SourceQuality "1"]
[WhiteTeam "Armenia"]
[BlackTeam "Lithuania"]
[WhiteTeamCountry "ARM"]
[BlackTeamCountry "LTU"]
[TimeControl "40/5400+30:1800+30"]

1. c4 e5 2. Nc3 Nf6 3. Nf3 Nc6 4. g3 d5 5. cxd5 Nxd5 6. Bg2 Nb6 7. a3 a5 8. d3 Be7 9. O-O O-O 10. Be3 Be6 11. Na4 Nd5 12. Bc5 b6 13.
Bxe7 Ndxe7 14. b4 axb4 15. axb4 Ra7 16. b5 Nd4 17. Nc3 Rxa1 18.
Qxa1 f6 19. Nxd4 Qxd4 20. Rc1 Rd8 21. Qa7 Qc5 22. Qa1 Qd4 23.
Qa3 Qd6 24. Qxd6 cxd6 25. Na4 Rc8 26. Rb1 Rb8 27. Kf1 d5 28.
Ke1 Kf7 29. Rc1 Rc8 30. Rb1 Rb8 31. e3 Bd7 32. Kd2 Ke6 33.
Rb2 Kd6 34. Kc3 Nc8 35. Kb4 Ra8 36. Nc3 Ne7 37. Ra2 Rxa2 38.
Nxa2 d4 39. exd4 exd4 40. Nc1 Nd5+ 41. Kc4 Nc7 42. Kxd4 Nxb5+ 43. Kc4 Nc7 44. Ne2 Bb5+ 45. Kc3 Ne6 46. h4 g5 47. Be4 h6 48. Bf5 Be8 49. hxg5 fxg5 50. g4 Ke5 51. d4+ Kd5 1/2-1/2

[Event "23rd ETCC Women 2021"]
[Site "Catez"]
[Date "2021.11.20"]
[Round "8.23"]
[White "Simkunaite, Gabija"]
[Black "Sargsyan, Anna M."]
[Result "1-0"]
[ECO "B13"]
[WhiteElo "1962"]
[BlackElo "2385"]
[Annotator "NA"]
[PlyCount "105"]
[EventDate "2021.11.08"]
[EventType "team-tourn"]
[EventCountry "SLO"]
[SourceTitle "playchess.com"]
[Source "ChessBase"]
[SourceQuality "1"]
[WhiteTeam "Lithuania"]
[BlackTeam "Armenia"]
[WhiteTeamCountry "LTU"]
[BlackTeamCountry "ARM"]
[TimeControl "40/5400+30:1800+30"]

1. e4 c6 2. d4 d5 3. exd5 cxd5 4. Bd3 Nc6 5. c3 Nf6 6. Bf4 Bg4 7. Qb3 e5 8. dxe5 Nh5 9. Be3 Nxe5 10. Bb5+ Nc6 11. Qa4 Bd7 12. Nf3 Bd6 13. O-O O-O 14. Rd1 a6 15. Rxd5 axb5 16. Qd1 Bg4 17. Rxd6 Qe7 18. Rd5 Rfd8 19. Rxd8+ Rxd8 20. Nbd2 Ne5 21. Qb3 Bxf3 22. Nxf3 Nxf3+ 23. gxf3 Qd7 24. a4 bxa4 25. Qxa4 Qd6 26. Qb4 Nf6 27. Qxb7 Nd5 28. Ra6 Qf8 29. Bd4 Qe8 30. Ra1 h6 31. c4 Nf4 32. Be3 Qe5 33.
Bxf4 Qxf4 34. Qe4 Qg5+ 35. Kf1 Qd2 36. Rb1 Rd6 37. Qe3 Qb4 38.
Qe8+ Kh7 39. Qxf7 Qc5 40. b4 Qc8 41. Qf4 Qh3+ 42. Ke2 Rf6 43.
Qg4 Qxh2 44. Rb3 Qc7 45. Qe4+ Kg8 46. Re3 Rf4 47. Qd5+ Kh7 48. Re4 Rf6 49. c5 Qa7 50. Re3 Qa1 51. Qd3+ Kg8 52. Qb3+ Kh7 53. b5 1-0

[Event "23rd ETCC Women 2021"]
[Site "Catez"]
[Date "2021.11.20"]
[Round "8.24"]
[White "Ghukasyan, Siranush"]
[Black "Sibajeva, Marija"]
[Result "1/2-1/2"]
[ECO "B01"]
[WhiteElo "2168"]
[BlackElo "1946"]
[Annotator "NA"]
[PlyCount "60"]
[EventDate "2021.11.08"]
[EventType "team-tourn"]
[EventCountry "SLO"]
[SourceTitle "playchess.com"]
[Source "ChessBase"]
[SourceQuality "1"]
[WhiteTeam "Armenia"]
[BlackTeam "Lithuania"]
[WhiteTeamCountry "ARM"]
[BlackTeamCountry "LTU"]
[TimeControl "40/5400+30:1800+30"]

1. e4 d5 2. exd5 Qxd5 3. Nc3 Qa5 4. d4 Nf6 5. Nf3 Bf5 6. Bc4 e6 7. Bd2 Bb4 8. Nh4 Bg6 9. Nxg6 hxg6 10. Qe2 Qh5 11. O-O-O Qxe2 12. Bxe2 Nc6 13. Nb5 Bxd2+ 14. Rxd2 O-O-O 15. Bf3 a6 16.
Bxc6 bxc6 17. Na3 Ne4 18. Re2 Rxd4 19. c3 Ra4 20. Nc2 Nd6 21.
Nb4 Kb7 22. Re5 Rh5 23. Rhe1 Ra5 24. Rxa5 Rxa5 25. a3 Rg5 26. g3 Rf5 27. Nd3 Kb6 28. Kc2 g5 29. Re2 g4 30. Ne5 Rg5 1/2-1/2

[Event "23rd ETCC Women 2021"]
[Site "Catez"]
[Date "2021.11.20"]
[Round "8.25"]
[White "Paehtz, Elisabeth"]
[Black "Atalik, Ekaterina"]
[Result "1/2-1/2"]
[ECO "B19"]
[WhiteElo "2485"]
[BlackElo "2430"]
[Annotator "ChessBase"]
[PlyCount "117"]
[EventDate "2021.11.08"]
[EventType "team-tourn"]
[EventCountry "SLO"]
[SourceTitle "playchess.com"]
[Source "ChessBase"]
[SourceQuality "1"]
[WhiteTeam "Germany"]
[BlackTeam "Turkey"]
[WhiteTeamCountry "GER"]
[BlackTeamCountry "TUR"]
[TimeControl "40/5400+30:1800+30"]

1. e4 c6 2. Nc3 d5 3. d4 dxe4 4. Nxe4 Bf5 5. Ng3 Bg6 6. h4 h6 7. Nf3 e6 8. Ne5 Bh7 9. Bd3 Bxd3 10. Qxd3 Nd7 11. Qe2 Ngf6 12. Bd2 Be7 13. O-O-O O-O 14. f4 Bd6 15. Kb1 Qc7 16. Qf3 b5 17. Ne2 h5 18. Rhg1 Bxe5 19. dxe5 Ng4 20. Ng3 g6 21. Ne4 Rad8 22. Be3 c5 23.
Rd2 b4 24. Rgd1 Kg7 25. Rd6 c4 26. g3 c3 27. Bg1 Nb6 28.
Bxb6 axb6 29. Rxd8 Rxd8 30. Rxd8 Qxd8 31. Nd6 Qd7 32. bxc3 bxc3 33. Qxc3 Nh6 34. Qc4 Ng4 35. Qe4 Nh6 36. Kb2 Nf5 37. Nxf5+ gxf5 38. Qc4 Qd2 39. a4 Qe1 40. Qb3 Qf2 41. Qc3 Qg1 42. Kb3 Qb1+ 43. Kc4 Qf1+ 44. Kb4 Qb1+ 45. Qb3 Qf1 46. Qc3 Qb1+ 47. Ka3 Qg1 48. Kb2 Qf2 49. Qd3 Qg1 50. Qf3 Qd4+ 51. Kb3 Qg1 52. Kc4 Qc5+ 53. Kb3 Qg1 54. Ka2 Qd4 55. Qb3 Qf2 56. Qc3 Qg1 57. Kb2 Qf2 58. Kb3 Qg1 59. Kb4 1/2-1/2

[Event "23rd ETCC Women 2021"]
[Site "Catez"]
[Date "2021.11.20"]
[Round "8.26"]
[White "Caglar, Sila"]
[Black "Heinemann, Josefine"]
[Result "0-1"]
[ECO "B23"]
[WhiteElo "2250"]
[BlackElo "2336"]
[Annotator "NA"]
[PlyCount "52"]
[EventDate "2021.11.08"]
[EventType "team-tourn"]
[EventCountry "SLO"]
[SourceTitle "playchess.com"]
[Source "ChessBase"]
[SourceQuality "1"]
[WhiteTeam "Turkey"]
[BlackTeam "Germany"]
[WhiteTeamCountry "TUR"]
[BlackTeamCountry "GER"]
[TimeControl "40/5400+30:1800+30"]

1. e4 c5 2. Nc3 d6 3. f4 g6 4. Nf3 Bg7 5. Bb5+ Bd7 6. Bc4 Nc6 7. O-O e6 8. f5 Nf6 9. d3 O-O 10. Qe1 Nd4 11. Qh4 d5 12. Nxd4 cxd4 13. e5 dxc3 14. Bg5 h6 15. Bxh6 Ng4 16. Qxg4 exf5 17. Qf4 dxc4 18. bxc3 Bc6 19. Rae1 cxd3 20. cxd3 Qxd3 21. Qg5 Qd8 22. Qf4 Re8 23. Rf2 Qd5 24. Bxg7 Kxg7 25. Rd2 Qc5+ 26. Kh1 Qxc3 0-1

[Event "23rd ETCC Women 2021"]
[Site "Catez"]
[Date "2021.11.20"]
[Round "8.27"]
[White "Klek, Hanna Marie"]
[Black "Kocyigit, Buse Naz"]
[Result "1-0"]
[ECO "C48"]
[WhiteElo "2343"]
[BlackElo "2034"]
[Annotator "NA"]
[PlyCount "72"]
[EventDate "2021.11.08"]
[EventType "team-tourn"]
[EventCountry "SLO"]
[SourceTitle "playchess.com"]
[Source "ChessBase"]
[SourceQuality "1"]
[WhiteTeam "Germany"]
[BlackTeam "Turkey"]
[WhiteTeamCountry "GER"]
[BlackTeamCountry "TUR"]
[TimeControl "40/5400+30:1800+30"]

1. e4 e5 2. Nf3 Nf6 3. Nc3 Nc6 4. Bb5 Bd6 5. a3 O-O 6. d3 a6 7. Bc4 b5 8. Ba2 Bb7 9. Bg5 Be7 10. h4 d6 11. Ne2 Bc8 12. Bxf6 Bxf6 13. Bd5 Qe8 14. Ng5 Rb8 15. Ng3 g6 16. Nf5 Bxf5 17. exf5 Kg7 18. fxg6 hxg6 19. c3 Ne7 20. Qf3 e4 21. Bxe4 d5 22. O-O-O dxe4 23. Nxe4 Qc6 24. g4 Bxc3 25. bxc3 f5 26. gxf5 Rxf5 27. Qe3 b4 28. Qd4+ Kg8 29. axb4 Nd5 30. Qc4 Qa4 31. Kb2 Rbf8 32. Rd2 Qd7 33. Ra1 Qe7 34. Rxa6 Qxh4 35. Rxg6+ Kh8 36. Qd4+ Kh7 1-0

[Event "23rd ETCC Women 2021"]
[Site "Catez"]
[Date "2021.11.20"]
[Round "8.28"]
[White "Aydin, Gulenay"]
[Black "Lubbe, Melanie"]
[Result "0-1"]
[ECO "B63"]
[WhiteElo "2114"]
[BlackElo "2311"]
[Annotator "NA"]
[PlyCount "80"]
[EventDate "2021.11.08"]
[EventType "team-tourn"]
[EventCountry "SLO"]
[SourceTitle "playchess.com"]
[Source "ChessBase"]
[SourceQuality "1"]
[WhiteTeam "Turkey"]
[BlackTeam "Germany"]
[WhiteTeamCountry "TUR"]
[BlackTeamCountry "GER"]
[TimeControl "40/5400+30:1800+30"]

1. e4 c5 2. Nf3 d6 3. d4 cxd4 4. Nxd4 Nf6 5. Nc3 Nc6 6. Bg5 e6 7. Qd2 Be7 8. Bxf6 Bxf6 9. Nb3 O-O 10. O-O-O Qb6 11. f4 Rd8 12. g4 Bd7 13. g5 Bxc3 14. Qxc3 Rac8 15. a3 Ne7 16. Qf3 d5 17. e5 Nf5 18. Rd2 d4 19. Qd3 Bc6 20. Rg1 Bd5 21. Na1 Bc4 22. Qxc4 Rxc4 23. Bxc4 d3 24. Re1 Qd4 25. Bxd3 Qxf4 26. Nb3 Qxg5 27. Kb1 Nd4 28. Bxh7+ Kxh7 29. Rxd4 Rxd4 30. Nxd4 Qd2 31. Re4 Qxh2 32. Ka2 g5 33. c3 Qg2 34. Re2 Qd5+ 35. Kb1 g4 36. Kc2 g3 37. Re3 Qg2+ 38.
Kb3 Qg1 39. Rf3 g2 40. Rxf7+ Kg8 0-1

[Event "23rd ETCC Women 2021"]
[Site "Catez"]
[Date "2021.11.20"]
[Round "8.29"]
[White "Injac, Teodora"]
[Black "Hapala, Elisabeth"]
[Result "1-0"]
[ECO "A11"]
[WhiteElo "2387"]
[BlackElo "2139"]
[Annotator "NA"]
[PlyCount "71"]
[EventDate "2021.11.08"]
[EventType "team-tourn"]
[EventCountry "SLO"]
[SourceTitle "playchess.com"]
[Source "ChessBase"]
[SourceQuality "1"]
[WhiteTeam "Serbia"]
[BlackTeam "Austria"]
[WhiteTeamCountry "SRB"]
[BlackTeamCountry "AUT"]
[TimeControl "40/5400+30:1800+30"]

1. Nf3 Nf6 2. g3 d5 3. Bg2 Bf5 4. O-O e6 5. c4 c6 6. Qb3 Qb6 7. d3 Nbd7 8. Be3 Bc5 9. Bxc5 Nxc5 10. Qc3 O-O 11. b4 Ncd7 12. Nbd2 h6 13.
Nb3 Rfe8 14. a4 e5 15. a5 Qd8 16. a6 b6 17. Rfc1 Rc8 18. Qd2 Qe7 19. c5 b5 20. Na5 Rf8 21. Nb7 Ne8 22. e4 Be6 23. exd5 Bxd5 24. Re1 f6 25.
Nh4 Qf7 26. Be4 Bxe4 27. dxe4 Nb8 28. Nf5 Rc7 29. Red1 Rd7 30. Qe2 Rxd1+ 31. Rxd1 Nc7 32. Nd8 Qb3 33. Qg4 Ne8 34. Nxh6+ Kh7 35. Nf5 g6 36. Ne7 1-0

[Event "23rd ETCC Women 2021"]
[Site "Catez"]
[Date "2021.11.20"]
[Round "8.30"]
[White "Teuschler, Barbara"]
[Black "Eric, Jovana"]
[Result "1/2-1/2"]
[ECO "D00"]
[WhiteElo "2115"]
[BlackElo "2253"]
[Annotator "NA"]
[PlyCount "86"]
[EventDate "2021.11.08"]
[EventType "team-tourn"]
[EventCountry "SLO"]
[SourceTitle "playchess.com"]
[Source "ChessBase"]
[SourceQuality "1"]
[WhiteTeam "Austria"]
[BlackTeam "Serbia"]
[WhiteTeamCountry "AUT"]
[BlackTeamCountry "SRB"]
[TimeControl "40/5400+30:1800+30"]

1. d4 Nf6 2. Bf4 d5 3. e3 c5 4. Nc3 a6 5. dxc5 Nc6 6. Nf3 e6 7. Na4 Bxc5 8. Nxc5 Qa5+ 9. c3 Qxc5 10. Bd3 O-O 11. O-O h6 12. Ne5 Qe7 13. Qf3 Nxe5 14. Bxe5 Nd7 15. Bg3 Nc5 16. Bc2 Bd7 17. b4 Na4 18. e4 Rfc8 19. Bxa4 Bxa4 20. exd5 exd5 21. Rfe1 Qd7 22. Be5 f6 23. Bd4 Re8 24. Qg3 Qf7 25. f3 Bb5 26. a4 Bc4 27. h3 Kh7 28.
a5 Qd7 29. Qf2 Qf5 30. Qg3 Bb5 31. Qc7 Bc6 32. Qg3 Rac8 33. Kh2 Qg5 34. Qxg5 hxg5 35. Kg3 Kg6 36. Kf2 Kf5 37. Rxe8 Rxe8 38. Re1 Rxe1 39. Kxe1 Bb5 40. Kf2 Bc6 41. Ke3 Bb5 42. Kf2 Bc6 43. Ke3 Bb5 1/2-1/2

[Event "23rd ETCC Women 2021"]
[Site "Catez"]
[Date "2021.11.20"]
[Round "8.31"]
[White "Manakova, Maria"]
[Black "Froewis, Annika"]
[Result "1-0"]
[ECO "C54"]
[WhiteElo "2289"]
[BlackElo "2079"]
[Annotator "NA"]
[PlyCount "125"]
[EventDate "2021.11.08"]
[EventType "team-tourn"]
[EventCountry "SLO"]
[SourceTitle "playchess.com"]
[Source "ChessBase"]
[SourceQuality "1"]
[WhiteTeam "Serbia"]
[BlackTeam "Austria"]
[WhiteTeamCountry "SRB"]
[BlackTeamCountry "AUT"]
[TimeControl "40/5400+30:1800+30"]

1. e4 e5 2. Nf3 Nc6 3. Bc4 Bc5 4. c3 Nf6 5. d3 a6 6. Nbd2 O-O 7. O-O Ba7 8. h3 d6 9. Bb3 h6 10. Re1 Re8 11. Nf1 Be6 12. Bc2 Ne7 13.
N3h2 Ng6 14. Qf3 Nh7 15. Be3 c6 16. d4 c5 17. d5 Bd7 18. c4 b5 19. b3 b4 20. Ng3 Ng5 21. Qd1 Bb6 22. Nf5 Bc7 23. Qg4 Nh7 24. Qf3 Nh4 25.
Qg3 Nxf5 26. exf5 Kh8 27. Qf3 Rg8 28. g4 a5 29. Qg3 a4 30. h4 Qc8 31. Qf3 Bd8 32. Qg3 Be7 33. Nf3 Ra6 34. Qh3 Ra8 35. Kh2 Ra6 36. Rg1 Ra8 37. Qf1 Ra6 38. Qd1 Ra5 39. bxa4 Qa6 40. Qd3 Bxa4 41. g5 Bxc2 42. Qxc2 Ra3 43. Nd2 Rxe3 44. fxe3 hxg5 45. hxg5 Bxg5 46. Qd3 Ra8 47. Ne4 Bh6 48. Rg2 Qb6 49. Rb1 Qd8 50. Kg1 Qd7 51. Rb3 Ra6 52. Qf1 Qd8 53. Qf2 f6 54. Qf3 Ng5 55. Nxg5 Bxg5 56. Qh5+ Kg8 57. Rh2 Bh6 58. Qg6 Kf8 59. Rxh6 gxh6 60. Rb2 Ra7 61. Qxh6+ Rg7+ 62. Rg2 Qe7 63. Qh8+ 1-0

[Event "23rd ETCC Women 2021"]
[Site "Catez"]
[Date "2021.11.20"]
[Round "8.32"]
[White "Mayrhuber, Nikola"]
[Black "Gajcin, Marina"]
[Result "0-1"]
[ECO "E76"]
[WhiteElo "2091"]
[BlackElo "2198"]
[Annotator "NA"]
[PlyCount "94"]
[EventDate "2021.11.08"]
[EventType "team-tourn"]
[EventCountry "SLO"]
[SourceTitle "playchess.com"]
[Source "ChessBase"]
[SourceQuality "1"]
[WhiteTeam "Austria"]
[BlackTeam "Serbia"]
[WhiteTeamCountry "AUT"]
[BlackTeamCountry "SRB"]
[TimeControl "40/5400+30:1800+30"]

1. d4 Nf6 2. c4 c5 3. d5 d6 4. Nc3 g6 5. e4 Bg7 6. f4 O-O 7. Nf3 e6 8. dxe6 fxe6 9. Bd3 Nh5 10. Ne2 Bh6 11. f5 Bxc1 12. Qxc1 exf5 13. Qh6 Nc6 14. O-O f4 15. Ng5 Qe7 16. Ng3 Qg7 17. Qxg7+ Nxg7 18. Ne2 h6 19. Nf3 g5 20. Rad1 Bg4 21. Bc2 Rad8 22. Nc3 Ne6 23. Rd5 Bxf3 24. gxf3 Ned4 25. Ba4 Nb4 26. Rxd4 cxd4 27. Nb5 Nc6 28. Rd1 Ne5 29. Nxd4 Rf6 30. Bb3 Kh7 31. Kg2 Rc8 32. Nf5 Nxc4 33. Bxc4 Rxc4 34. Nxd6 Rc2+ 35. Kh3 Rxb2 36. Nc4 Rxa2 37. Rd7+ Kg8 38. Rxb7 h5 39. Rb5 Rg6 40. Ne5 Rb6 41. Rd5 Rbb2 42. Rd8+ Kg7 43. Rd7+ Kf8 44. Rd8+ Ke7 45. Nc6+ Ke6 46. Nd4+ Kf7 47. Rd7+ Ke8 0-1

[Event "23rd ETCC Women 2021"]
[Site "Catez"]
[Date "2021.11.20"]
[Round "8.33"]
[White "Pilsova, Karolina"]
[Black "Brunello, Marina"]
[Result "1/2-1/2"]
[ECO "B51"]
[WhiteElo "2281"]
[BlackElo "2359"]
[Annotator "NA"]
[PlyCount "91"]
[EventDate "2021.11.08"]
[EventType "team-tourn"]
[EventCountry "SLO"]
[SourceTitle "playchess.com"]
[Source "ChessBase"]
[SourceQuality "1"]
[WhiteTeam "Czech Republic"]
[BlackTeam "Italy"]
[WhiteTeamCountry "CZE"]
[BlackTeamCountry "ITA"]
[TimeControl "40/5400+30:1800+30"]

1. e4 c5 2. Nf3 d6 3. Bb5+ Nd7 4. Ba4 Ngf6 5. O-O g6 6. Re1 Bg7 7. c4 O-O 8. h3 Nh5 9. Nc3 Ne5 10. d3 Nxf3+ 11. Qxf3 f5 12. exf5 Rxf5 13. Qe2 Be5 14. Bh6 e6 15. Ne4 Nf4 16. Bxf4 Rxf4 17. Qd2 Rf8 18. Re2 Qc7 19. Nc3 a6 20. Re4 Qf7 21. Rf1 Bd4 22. Ree1 e5 23. Bd1 Be6 24. Ne4 Qd7 25. Ng5 Rf4 26. Bf3 Bf5 27. Bd5+ Kg7 28. g3 h6 29. gxf4 hxg5 30. fxe5 dxe5 31. Qxg5 Rh8 32. Bg2 Rh5 33. Qg3 Bxh3 34. Re4 Qf5 35. Bxh3 Rxh3 36. Qg4 Rxd3 37. Qxf5 gxf5 38. Re2 Kf6 39. Kg2 e4 40. Rh1 Kg6 41. Rh3 b5 42. b3 Rd1 43. Rh1 Rd3 44. Rh3 Rd1 45. Rh1 Rd3 46.
Rh3 1/2-1/2

[Event "23rd ETCC Women 2021"]
[Site "Catez"]
[Date "2021.11.20"]
[Round "8.34"]
[White "Zimina, Olga"]
[Black "Petrova, Kristyna"]
[Result "1/2-1/2"]
[ECO "E07"]
[WhiteElo "2339"]
[BlackElo "2275"]
[Annotator "NA"]
[PlyCount "138"]
[EventDate "2021.11.08"]
[EventType "team-tourn"]
[EventCountry "SLO"]
[SourceTitle "playchess.com"]
[Source "ChessBase"]
[SourceQuality "1"]
[WhiteTeam "Italy"]
[BlackTeam "Czech Republic"]
[WhiteTeamCountry "ITA"]
[BlackTeamCountry "CZE"]
[TimeControl "40/5400+30:1800+30"]

1. d4 Nf6 2. Nf3 e6 3. g3 d5 4. Bg2 Be7 5. c4 O-O 6. Nc3 Nbd7 7. cxd5 exd5 8. O-O c6 9. Bf4 Re8 10. Rc1 Nf8 11. Ne5 Ng6 12.
Nxg6 hxg6 13. Na4 Bd6 14. Bxd6 Qxd6 15. Nc5 Qe7 16. Re1 Ne4 17. Nxe4 dxe4 18. e3 Bf5 19. Rc5 Qd7 20. Qc2 a5 21. a4 Qe6 22. Rc1 Qd7 23. Qc3 Qd8 24. Qb3 Qd7 25. Bf1 Reb8 26. Qc3 Bh3 27.
Bxh3 Qxh3 28. Rxa5 Kh7 29. b3 f6 30. Rxa8 Rxa8 31. Qb4 Qd7 32.
h4 Kh6 33. Qc5 Rh8 34. Kg2 Qg4 35. Qe7 Qf3+ 36. Kg1 g5 37. h5 Kxh5 38. Qxg7 Rh6 39. b4 Qf5 40. Kg2 Qf3+ 41. Kg1 Qf5 42. b5 cxb5 43. axb5 b6 44. d5 Rh7 45. Qg8 Kg4 46. Qe6 Qxe6 47. dxe6 Kf5 48. Rc6 g4 49. Rxb6 Re7 50. Kf1 Ke5 51. Ke2 Kd5 52. Rc6 f5 53. Kd2 Rb7 54. e7 Rxe7 55. Kc3 Ra7 56. Ra6 Rc7+ 57. Rc6 Rxc6+ 58. bxc6 Kxc6 59. Kc4 Kd6 60. Kb4 Kc6 61. Kc4 Kd6 62. Kd4 Ke6 63. Kc5 Ke5 64. Kb4 Kd6 65. Kb5 Kd5 66. Kb4 Kd6 67. Kc4 Kc6 68. Kd4 Kd6 69. Kc4 Ke5 1/2-1/2

[Event "23rd ETCC Women 2021"]
[Site "Catez"]
[Date "2021.11.20"]
[Round "8.35"]
[White "Miturova, Magdalena"]
[Black "Gueci, Tea"]
[Result "1/2-1/2"]
[ECO "B31"]
[WhiteElo "2248"]
[BlackElo "2242"]
[Annotator "NA"]
[PlyCount "118"]
[EventDate "2021.11.08"]
[EventType "team-tourn"]
[EventCountry "SLO"]
[SourceTitle "playchess.com"]
[Source "ChessBase"]
[SourceQuality "1"]
[WhiteTeam "Czech Republic"]
[BlackTeam "Italy"]
[WhiteTeamCountry "CZE"]
[BlackTeamCountry "ITA"]
[TimeControl "40/5400+30:1800+30"]

1. e4 c5 2. Nf3 Nc6 3. Bb5 g6 4. Bxc6 dxc6 5. d3 Bg7 6. h3 Nf6 7. Nc3 Nd7 8.
Be3 e5 9. Qd2 h6 10. O-O b6 11. Nh2 Nf8 12. f4 exf4 13. Bxf4 Ne6 14. Bg3 Qg5
15. Qe1 Nd4 16. Qf2 O-O 17. Bd6 Bxh3 18. Bf4 Qxg2+ 19. Qxg2 Bxg2 20. Kxg2 Nxc2
21. Rad1 Rad8 22. Rf2 Nd4 23. Nf3 g5 24. Bc1 f5 25. Nxd4 cxd4 26. Ne2 fxe4 27. Rxf8+ Rxf8 28. dxe4 c5 29. Ng3 Re8 30. Kf3 Re6 31. Nf5 Bf8 32. Re1 Re5 33. Bd2 Kh7 34. Rg1 Re6 35. Be1 b5 36. Bg3 Kg6 37. Bb8 b4 38.
b3 a5 39. Bc7 Ra6 40. Ke2 a4 41. Kd3 axb3 42. axb3 c4+ 43. bxc4 Bc5 44. Rf1 Ra3+ 45. Kc2 Rc3+ 46. Kb2 d3 47. e5 d2 48. Bd6 Bf2 49. Ne7+ Kh5 50.
Nd5 Rxc4 51. Rd1 Rd4 52. Nxb4 g4 53. Bc5 g3 54. Bxd4 Bxd4+ 55. Kc2 g2 56. e6 Kg6 57. Nd5 g1=Q 58. Rxg1+ Bxg1 59. Kxd2 Bc5 1/2-1/2

[Event "23rd ETCC Women 2021"]
[Site "Catez"]
[Date "2021.11.20"]
[Round "8.36"]
[White "Movileanu, Daniela"]
[Black "Nemcova, Karin"]
[Result "1/2-1/2"]
[ECO "B90"]
[WhiteElo "2214"]
[BlackElo "2169"]
[Annotator "NA"]
[PlyCount "155"]
[EventDate "2021.11.08"]
[EventType "team-tourn"]
[EventCountry "SLO"]
[SourceTitle "playchess.com"]
[Source "ChessBase"]
[SourceQuality "1"]
[WhiteTeam "Italy"]
[BlackTeam "Czech Republic"]
[WhiteTeamCountry "ITA"]
[BlackTeamCountry "CZE"]
[TimeControl "40/5400+30:1800+30"]

1. e4 c5 2. Nf3 d6 3. d4 cxd4 4. Nxd4 Nf6 5. Nc3 a6 6. a4 e5 7. Nf3 Be7 8. Bg5
Be6 9. Bxf6 Bxf6 10. Nd5 Nc6 11. Bc4 O-O 12. O-O Rc8 13. b3 Bxd5 14. Bxd5 Nb4
15. c4 b6 16. Qd2 a5 17. Ne1 Bg5 18. Qd1 Nxd5 19. Qxd5 Rc5 20.
Qd3 f5 21. Rd1 fxe4 22. Qxe4 Rf4 23. Qe2 Rc7 24. g3 Rf8 25. Qd3 Rcf7 26. Qd5 Kh8 27. Rd3 Qc7 28. Rf3 Bf6 29. Nc2 Re7 30. Qe4 d5 31. cxd5 Rd8 32. Ne3 Red7 33. Rd1 Qc5 34. h4 b5 35. Kg2 Kg8 36. Ng4 Rxd5 37. Rxd5 Qxd5 38. Qxd5+ Rxd5 39. Rxf6 bxa4 40. bxa4 Rd4 41. Ra6 Rxg4 42. Rxa5 Kf7 43. Kf3 Rb4 44. Ra6 h5 45. Ke3 Ke7 46. a5 Ra4 47. Ra8 Kf7 48. a6 g6 49. a7 Kg7 50.
Kd3 e4+ 51. Kc3 Kh7 52. Kb3 Ra1 53. Kb4 Kg7 54. Kb5 Kh7 55.
Kb6 Rb1+ 56. Kc7 Ra1 57. Kc6 Kg7 58. Kd6 Ra6+ 59. Ke5 Ra4 60.
Ke6 Ra6+ 61. Ke7 Ra2 62. Ke6 Ra6+ 63. Kd5 Ra4 64. Ke5 Kh7 65. Rd8 Rxa7 66. Kxe4 Ra5 67. Rd5 Ra2 68. f3 Ra3 69. Kf4 Kg7 70. Rd7+ Kf6 71. Rd4 Rb3 72. g4 hxg4 73. Kxg4 Rb5 74. Rd6+ Kg7 75. f4 Kf7 76. Rd7+ Kf6 77. Rd6+ Kf7 78. Rd7+ 1/2-1/2

[Event "23rd ETCC Women 2021"]
[Site "Catez"]
[Date "2021.11.20"]
[Round "8.37"]
[White "Unuk, Laura"]
[Black "Repkova, Eva"]
[Result "1-0"]
[ECO "A18"]
[WhiteElo "2353"]
[BlackElo "2307"]
[Annotator "NA"]
[PlyCount "125"]
[EventDate "2021.11.08"]
[EventType "team-tourn"]
[EventCountry "SLO"]
[SourceTitle "playchess.com"]
[Source "ChessBase"]
[SourceQuality "1"]
[WhiteTeam "Slovenia"]
[BlackTeam "Slovakia"]
[WhiteTeamCountry "SLO"]
[BlackTeamCountry "SVK"]
[TimeControl "40/5400+30:1800+30"]

1. c4 Nf6 2. Nc3 e6 3. e4 d5 4. cxd5 exd5 5. e5 Ng8 6. d4 Ne7 7. Bd3 Nbc6 8. Nge2 Be6 9. O-O g6 10. Bg5 Bg7 11. Na4 h6 12. Bh4 Qc8 13.
f4 Nf5 14. Bf2 h5 15. Rc1 O-O 16. Nc5 Bh6 17. Qb3 Rb8 18. h3 Nfe7 19. Nxe6 fxe6 20. Bb1 Qe8 21. Be1 Nf5 22. Qd3 h4 23. b4 a6 24. a4 Rf7 25. Qc3 Bf8 26. Qb2 Rh7 27. b5 axb5 28. axb5 Na7 29. Bd3 c6 30. Nc3 cxb5 31. Nxb5 Nc6 32. Rf3 Qd8 33. Bf2 Ra8 34. Bb1 Ra5 35. Rb3 Qd7 36. Qe2 Nb4 37. Nd6 Bxd6 38. exd6 Qxd6 39. Qd2 Ra4 40. Rc8+ Kf7 41. Rc5 b6 42. Rb5 Nc6 43. Rxb6 Nfe7 44. Rc3 Rb4 45. Bxg6+ Kxg6 46. Qc2+ Kh6 47. Rbxc6 Nxc6 48. Rxc6 Rb1+ 49. Qxb1 Qxc6 50. Bxh4 Rb7 51. Qe1 Qb6 52. Bg5+ Kg6 53. Kh2 Qd6 54. Qg3 Kf7 55. Qd3 Ke8 56. Qg6+ Kd7 57. h4 Qf8 58. Bf6 Qe8 59. Qg5 Rb8 60. h5 Qf7 61. h6 Rf8 62. Qg7 Ke8 63. h7 1-0

[Event "23rd ETCC Women 2021"]
[Site "Catez"]
[Date "2021.11.20"]
[Round "8.38"]
[White "Hagarova, Zuzana"]
[Black "Urh, Zala"]
[Result "1-0"]
[ECO "C83"]
[WhiteElo "2292"]
[BlackElo "2332"]
[Annotator "NA"]
[PlyCount "119"]
[EventDate "2021.11.08"]
[EventType "team-tourn"]
[EventCountry "SLO"]
[SourceTitle "playchess.com"]
[Source "ChessBase"]
[SourceQuality "1"]
[WhiteTeam "Slovakia"]
[BlackTeam "Slovenia"]
[WhiteTeamCountry "SVK"]
[BlackTeamCountry "SLO"]
[TimeControl "40/5400+30:1800+30"]

1. e4 e5 2. Nf3 Nc6 3. Bb5 a6 4. Ba4 Nf6 5. O-O Nxe4 6. d4 Be7 7. Re1 b5 8. Bb3 d5 9. dxe5 Be6 10. c3 O-O 11. Be3 Na5 12. Nd4 Nc4 13.
Bxc4 bxc4 14. Nc6 Qd7 15. Nxe7+ Qxe7 16. b4 cxb3 17. axb3 a5 18. Qc2 Rfb8 19. Ra3 Bf5 20. f3 Ng3 21. Qf2 Bxb1 22. Bc5 Ne2+ 23. Rxe2 Qg5 24. Re1 Bf5 25. Rea1 h5 26. f4 Qg4 27. b4 Ra6 28. h3 Qg6 29. Kh2 Be4 30. Rxa5 Re6 31. Ra7 Qh6 32. R1a2 h4 33. Rxc7 Rg6 34. Qf1 Rg3 35. Bd4 Qg6 36. Kg1 Rxh3 37. e6 f6 38. Raa7 Rg3 39. Rxg7+ Qxg7 40. Rxg7+ Kxg7 41. Qa6 Rxg2+ 42. Kf1 Rg8 43. e7 Rg6 44. Qe6 Re8 45. f5 Rh6 46. Kg1 h3 47. Kh2 Bf3 48. b5 Bh5 49. Qd7 Bf7 50. b6 Ra8 51. e8=Q Rxe8 52. Qxe8 Bxe8 53. b7 Bd7 54. b8=Q Bxf5 55. Qb7+ Kg6 56. Qxd5 Rh7 57. Qd6 Rf7 58. c4 Kh5 59. Bxf6 Ra7 60. Bc3 1-0